 Dungeon Crawl Stone Soup version 0.28-a0-1143-gcf6077d4cc (webtiles) character file.

Game seed: 11081926940531233258

722 tilp the Chiller (level 7, 30/30 HPs)
             Began as a Felid Ice Elementalist on Dec 13, 2021.
             Quit the game on level 6 of the Dungeon.
             The game lasted 00:15:37 (7428 turns).

tilp the Chiller (Felid Ice Elementalist)           Turns: 7428, Time: 00:15:37

Health: 30/30      AC:  2    Str:  4    XL:     7   Next: 43%
Magic:  23/23      EV: 18    Int: 18    God:
Gold:   328        SH:  0    Dex: 17    Spells: 4/15 levels left
                                        Lives:  0   Deaths: 2

rFire   . . .      SeeInvis +     - Unarmed
rCold   . . .      Faith    .   (shield unavailable)
rNeg    . . .      Spirit   .   (armour unavailable)
rPois   .          Reflect  .   (helmet unavailable)
rElec   .          Harm     .   (cloak unavailable)
rCorr   .          Rampage  .   (gloves unavailable)
Will    +....                   (boots unavailable)
Stlth   +++.......              d - amulet of regeneration
HPRegen 0.90/turn               f - ring of wizardry
MPRegen 0.18/turn               i - ring of magical power

@: quick
A: very small, claws 1, fangs 3, see invisible, speed 1, shaggy fur 2, stealthy
paws, no weapons or thrown items, no armour, multi-lived
a: no special abilities


You were on level 6 of the Dungeon.
You visited 2 branches of the dungeon, and saw 7 of its levels.
You also visited: Ossuary.

You collected 328 gold pieces.

Inventory:

Jewellery
 d - an amulet of regeneration (around neck)
 f - a ring of wizardry (left paw)
 i - a ring of magical power (right paw)
 l - a ring of resist corrosion
Scrolls
 b - 6 scrolls of teleportation
 h - a scroll of fear
 o - a scroll of summoning {unknown}
Potions
 a - 3 potions of heal wounds
 c - 2 potions of attraction
 e - a potion of brilliance
 g - a potion of lignification
 j - a potion of flight {unknown}
 k - 5 potions of curing
 m - a potion of might
 n - a potion of haste {unknown}
 p - a potion of mutation {unknown}


   Skills:
 - Level 2.0 Fighting
 - Level 4.0 Dodging
 - Level 6.0 Stealth
 - Level 4.0 Unarmed Combat
 + Level 4.5 Spellcasting
 * Level 2.9 Conjurations
 * Level 6.8 Ice Magic


You had 4 spell levels left.
You knew the following spells:

 Your Spells              Type           Power      Damage    Failure   Level
a - Freeze                Ice            100%       1d11      1%          1
b - Frozen Ramparts       Ice            56%        1d7       1%          3
c - Ozocubu's Armour      Ice            28%        N/A       1%          3
d - Hailstorm             Conj/Ice       21%        3d6       8%          4

Your spell library contained the following spells:

 Spells                   Type           Power      Damage    Failure   Level
 Animate Skeleton         Necr           8%         N/A       6%          1
 Pain                     Necr           16%        1d4       6%          1
 Corpse Rot               Necr/Air       8%         N/A       9%          2
 Poisonous Vapours        Pois/Air       8%         N/A       9%          2
 Scorch                   Fire           8%         2d5       9%          2
 Tukima's Dance           Hex            4%         N/A       16%         3
 Vampiric Draining        Necr           4%         2d6       16%         3
 Flame Wave               Conj/Fire      9%         2d4       28%         4
 Passage of Golubria      Tloc           4%         N/A       45%         4
 Yara's Violent Unravell  Hex/Tmut       2%         3d3       80%         5
 Summon Cactus Giant      Summ           2%         N/A       100%        6


Dungeon Overview and Level Annotations

Branches:
Dungeon (6/15)             Temple (1/1) D:6         Ossuary (visited)

Altars:
Ashenzari
Cheibriados
Dithmenos
Elyvilon
Fedhas
Gozag
Kikubaaqudgha
Makhleb
Okawaru
Qazlal
Vehumet
Wu Jian
Xom
Yredelemnul
Zin

Annotations:
D:6 Prince Ribbit


Innate Abilities, Weirdness & Mutations

You have sharp claws.
You have razor-sharp teeth.
You have supernaturally acute eyesight. (SInv)
You cover ground quickly. (Speed+)
You are covered in thick fur. (AC +2)
Your paws help you pounce on unaware monsters.
You are incapable of wielding weapons or throwing items.
You cannot wear armour.
You gain extra lives every three experience levels.


Message History

Casting: Frozen Ramparts (safe; 1% risk of failure)
Press: ? - help, Dir - look around, f - activate The walls around you are covered in ice.
The wall freezes the troll!
Your magical contamination has completely faded away.
Unknown command.
Casting: Frozen Ramparts (safe; 1% risk of failure)
Confirm with . or Enter, or press ? or * to list all spells.
Aiming: Freeze (safe; 1% risk of failure)
Press: ? - help, Shift-Dir - straight line, f - troll
Aim: a troll (lightly wounded)
You freeze the troll.
The troll is lightly wounded.
The wall freezes the troll!
The troll bites you! The troll barely misses you. x2
An orc priest comes into view. It is wielding a +0 dagger.
Unknown command.
Casting: Freeze (safe; 1% risk of failure)
Confirm with . or Enter, or press ? or * to list all spells.
Aiming: Freeze (safe; 1% risk of failure)
Press: ? - help, Shift-Dir - straight line, f/p - troll
Aim: a troll (moderately wounded)
You freeze the troll.
The troll is moderately wounded.
The wall freezes the troll.
The troll bites you!
* * * LOW HITPOINT WARNING * * *
The troll completely misses you. The troll misses you.
Unknown command.
Your icy armour and frozen ramparts will break if you move.
Continue?
Your icy armour cracks and falls away as you move.
The frozen ramparts melt away as you move.
The orc priest miscasts a cantrip.
You see here 30 stones.
The orc priest invokes the aid of Beogh against you.
Beogh smites you!
You die...
You hear a shout!
You are now level 7!
You rejoin the land of the living...
Unknown command.
Are you sure you want to abandon this character and quit the game? (Confirm with "yes".)

+....##........########
#..#........#
##.#........#
#.#........#
#..........#
##.........#
#..######.# ##.## .#
##@.### .# #.....#
#.....# #.....# .# ...
#.....# #.# ....
####..# #.# .... ##.#
#.# .... #.###.# ....
###..##.#


There were no monsters in sight!

Vanquished Creatures
  Menkaure (Ossuary)
  A water moccasin (D:5)
  A sky beast (D:6)
  An ice beast (D:5)
  A black bear (D:6)
  A hornet zombie (D:5)
  A phantom (D:6)
  A scorpion (D:3)
  A wyvern zombie (D:5)
  2 water moccasin zombies
  2 centaur zombies (D:6)
  A hound (D:6)
  2 jellies (D:5)
  2 orc priests
  A gnoll shaman (D:5)
  3 iguanas (D:6)
  An orc wizard (D:5)
  A hound skeleton (D:5)
  3 mummies (Ossuary)
  6 gnolls
  4 adders
  2 ufetubi (D:5)
  2 adder skeletons (D:4)
  A worm (D:2)
  A dart slug (D:3)
  15 orcs
  6 bats
  7 endoplasms
  4 giant cockroaches
  13 goblins
  8 hobgoblins
  5 quokkas
  7 ball pythons
  2 frilled lizards (D:1)
  2 gnoll skeletons (Ossuary)
  5 gnoll zombies (Ossuary)
  5 goblin skeletons (Ossuary)
  5 goblin zombies (Ossuary)
  2 hobgoblin skeletons (Ossuary)
  4 hobgoblin zombies (Ossuary)
  4 kobolds
  5 kobold skeletons (Ossuary)
  4 kobold zombies (Ossuary)
  6 orc skeletons (Ossuary)
  3 orc zombies (Ossuary)
  4 rats
  5 rat skeletons (Ossuary)
  4 rat zombies (Ossuary)
168 creatures vanquished.

Notes
Turn   | Place    | Note
-------+----------+-------------------------------------------
     0 | D:1      | tilp the Felid Ice Elementalist began the quest for the
                  | Orb.
     0 | D:1      | Reached XP level 1. HP: 7/7 MP: 4/4
    72 | D:1      | Reached skill level 1 in Unarmed Combat
   440 | D:1      | Reached XP level 2. HP: 11/11 MP: 6/6
  1134 | D:2      | Reached XP level 3. HP: 14/14 MP: 3/7
  1138 | D:2      | Learned a level 3 spell: Frozen Ramparts
  1172 | D:2      | Found a basalt altar of Yredelemnul.
  1607 | D:2      | Found a faded altar of an unknown god.
  2361 | D:3      | Noticed a scorpion
  2389 | D:3      | Killed a scorpion
  2390 | D:3      | Reached XP level 4. HP: 3/18 MP: 2/9
  2554 | D:3      | Learned a level 3 spell: Ozocubu's Armour
  3446 | D:4      | Reached XP level 5. HP: 21/21 MP: 6/10
  3547 | D:4      | Reached skill level 5 in Ice Magic
  3662 | D:4      | Found a sand-covered staircase.
  3692 | Ossuary  | Entered an ossuary
  4386 | Ossuary  | Noticed Menkaure
  4539 | Ossuary  | Slain by Menkaure
  4540 | Ossuary  | Reached XP level 4. HP: 0/18 MP: 8/10
  4570 | Ossuary  | Killed Menkaure
  4571 | Ossuary  | Reached XP level 5. HP: 19/21 MP: 11/11
  4642 | Ossuary  | Gained mutation: You are covered in thick fur. (AC +2)
                  | [Felid growth]
  4642 | Ossuary  | Reached XP level 6. HP: 24/24 MP: 12/12
  4647 | Ossuary  | Learned a level 4 spell: Hailstorm
  5456 | D:5      | Entered Level 5 of the Dungeon
  5904 | D:5      | Reached skill level 1 in Fighting
  5915 | D:5      | Noticed a water moccasin
  5933 | D:5      | Killed a water moccasin
  5934 | D:5      | Reached XP level 7. HP: 18/28 MP: 4/14
  6281 | D:5      | Reached skill level 5 in Stealth
  6947 | D:6      | Noticed Prince Ribbit
  7032 | D:6      | Reached skill level 1 in Conjurations
  7052 | D:6      | Found a staircase to the Ecumenical Temple.
  7065 | D:6      | Reached XP level 8. HP: 33/33 MP: 15/15
  7082 | Temple   | Entered the Ecumenical Temple
  7420 | D:6      | Noticed a troll
  7427 | D:6      | Killed from afar by an orc priest
  7428 | D:6      | Reached XP level 7. HP: -2/30 MP: 7/23
  7428 | D:6      | Quit the game

Illustrated notes

Levels and vault maps discovered:
D:1:      minmay_arrival_checkered_box, layout_basic
D:2:      layout_basic, basic_altar, nicolae_ecumenical_lake_church
D:3:      cheibrodos_greedy_goblins, layout_loops_corners
D:4:      layout_gridville, nicolae_ossuary_entry_false_entrances
D:5:      layout_basic, minmay_strange_pillars
D:6:      layout_basic, minmay_temple_entry_sparse_star, uniq_prince_ribbit1
Temple:   regret_index_temple_waves

Skill      XL: |  1  2  3  4  5  6  7  8 |
---------------+-------------------------+-----
Unarmed Combat | 1 2 3 4 |  4.0
Ice Magic      | 4 6 |  6.8
Spellcasting   | 3 4 |  4.5
Dodging        | 3 4 |  4.0
Stealth        | 3 6 |  6.0
Fighting       | 1 2 |  2.0
Conjurations   | 1 2 |  2.9

Action                   |  1- 3 |  4- 6 |  7- 9 || total
-------------------------+-------+-------+-------++-------
Melee: Unarmed           |    25 |   376 |   128 ||   529
       Bite              |     2 |    43 |    13 ||    58
       Punch             |       |     4 |     3 ||     7
 Cast: Freeze            |    31 |    22 |    13 ||    66
       Frozen Ramparts   |     4 |    11 |    10 ||    25
       Ozocubu's Armour  |       |    18 |    10 ||    28
       Hailstorm         |       |     1 |     3 ||     4
  Use: Scroll            |     5 |     9 |       ||    14
       Potion            |       |     4 |     2 ||     6
 Stab: Sleeping          |    17 |     6 |     2 ||    25
Armor: Skin              |     2 |    57 |    41 ||   100
Dodge: Dodged            |    30 |   288 |    97 ||   415

Table legend: (Time is in decaauts)
 A = Elapsed time spent in this place.
 B = Non-inter-level travel time spent in this place.
 C = Inter-level travel time spent in this place.
 D = Time resting spent in this place.
 E = Time spent auto-exploring this place.
 F = Levels seen in this place.
 G = Mean time per level.
                   A        B        C        D        E       F      G
               +--------+--------+--------+--------+--------+-----+--------+
         Total |   6489 |   6348 |    141 |    755 |   4099 |   8 |  811.1 |
       Dungeon |   5394 |   5266 |    128 |    449 |   3798 |   6 |  899.0 |
        Temple |    142 |    129 |     13 |      0 |    117 |   1 |  142.0 |
       Ossuary |    951 |    951 |      0 |    306 |    183 |   1 |  951.0 |
               +--------+--------+--------+--------+--------+-----+--------+

Top non-repeatable levels by time:
     D:5: 1272 daAuts
     D:3: 1141 daAuts
     D:2: 954 daAuts
 Ossuary: 951 daAuts
     D:1: 909 daAuts
     D:4: 810 daAuts
     D:6: 307 daAuts
  Temple: 142 daAuts
